 Dungeon Crawl Stone Soup version 0.30.1-11-g7821555f0a (webtiles) character file.

Game seed: 17478924661898368595

65550 lonewolfV2 the Nimble (level 14, -42/127 HPs)
             Began as a Minotaur Fighter on Nov 3, 2023.
             Was the Champion of Qazlal.
             Annihilated by a komodo dragon (68 damage)
             ... on level 5 of the Lair of Beasts.
             The game lasted 00:35:41 (19708 turns).

lonewolfV2 the Nimble (Minotaur Fighter)           Turns: 19708, Time: 00:35:42

Health: -42/127    AC: 27    Str: 23    XL:     14   Next: 75%
Magic:  23/23      EV:  2    Int:  8    God:    Qazlal [******]
Gold:   1432       SH:  0    Dex: 21    Spells: 13/13 levels left

rFire   + + .        s - +8 war axe "Sesuth" {holy, rF+ Dex+2 SInv Stlth+}
rCold   . . .        x - +1 buckler "Meev" {Will+ Int+3 Slay+3}
rNeg    . . .        p - +5 plate armour
rPois   .            (helmet restricted)
rElec   .            o - +0 cloak
rCorr   .            v - +0 pair of gloves
SInv    +            t - +0 pair of boots
Will    ++...        (no amulet) Stlth
                     E - +6 ring of dexterity
HPRegen 0.41/turn    w - +5 ring of evasion
MPRegen 0.18/turn

%: repel missiles
@: sleeping, protected from physical damage
A: horns 2, retaliatory headbutt, fire resistance 1, mutation resistance 1,
sense surroundings 1
a: Renounce Religion, Upheaval, Elemental Force, Disaster Area


You were on level 5 of the Lair of Beasts.
You worshipped Qazlal.
Qazlal was exalted by your worship.
You visited 3 branches of the dungeon, and saw 21 of its levels.
You also visited: Ossuary.

You collected 1432 gold pieces.

Inventory:

Hand Weapons
 a - a +1 war axe of freezing
 s - the +8 war axe "Sesuth" (weapon) {holy, rF+ Dex+2 SInv Stlth+}
   (You found it on level 5 of the Dungeon)

   Dex:       It affects your dexterity (+2).
   rF:        It protects you from fire.
   SInv:      It lets you see invisible.
   Stlth:     It makes you more stealthy.
 y - a +5 demon trident
 L - the +6 scimitar of Okawaru's Whim {protect, rPois rC- Int+2}
   (You found it on level 12 of the Dungeon)

   Int:       It affects your intelligence (+2).
   rC:        It makes you vulnerable to cold.
   rPois:     It protects you from poison.
Missiles
 g - 5 boomerangs of dispersal (quivered)
Armour
 o - a +0 cloak (worn)
 p - a +5 plate armour (worn)
 t - a +0 pair of boots (worn)
 v - a +0 pair of gloves (worn)
 x - the +1 buckler "Meev" (worn) {Will+ Int+3 Slay+3}
   (You acquired it on level 6 of the Dungeon)

   Int:       It affects your intelligence (+3).
   Slay:      It affects your accuracy & damage with ranged weapons and melee
   (+3).
   Will:      It increases your willpower.
Jewellery
 w - a +5 ring of evasion (right hand)
 E - a +6 ring of dexterity (left hand)
 G - a ring of fire
 H - a +4 ring of slaying
 M - a ring of protection from cold
 W - a ring of see invisible
Wands
 q - a wand of flame (37)
 D - a wand of quicksilver (21)
 I - a wand of charming (16)
 K - a wand of polymorph (9)
 T - a wand of iceblast (5)
 U - a wand of mindburst (7)
Scrolls
 c - 7 scrolls of fog
 e - 11 scrolls of teleportation
 k - 2 scrolls of silence
 n - 6 scrolls of amnesia
 r - 10 scrolls of fear
 N - a scroll of poison
 O - a scroll of enchant armour
 Q - a scroll of enchant weapon
 R - 4 scrolls of identify
 S - a scroll of blinking
Potions
 b - 5 potions of magic
 d - 7 potions of might
 f - 2 potions of heal wounds
 h - 6 potions of attraction
 i - 4 potions of ambrosia
 j - 5 potions of degeneration
 l - 5 potions of berserk rage
 m - 9 potions of curing
 u - 3 potions of resistance
 z - 2 potions of lignification
 A - a potion of cancellation
 B - a potion of flight
 C - 4 potions of haste
 F - 2 potions of brilliance
 V - a potion of invisibility
Miscellaneous
 J - a piece from Xom's chessboard (15/15)


   Skills:
 + Level 12.5 Fighting
 - Level 10.1 Axes
 - Level 10.8 Armour
 * Level 14.9 Dodging
 - Level 10.8 Shields
 - Level 5.3 Unarmed Combat
 + Level 13.9 Invocations


You had 13 spell levels left.
You didn't know any spells.
Your spell library contained the following spells:

 Spells                   Type           Power      Damage    Failure   Level
 Apportation              Tloc           0%         N/A       99%         1
 Kiss of Death            Conj/Necr      0%         2d5       99%         1
 Necrotise                Necr           0%         1d4       99%         1
 Slow                     Hex            0%         N/A       99%         1
 Summon Small Mammal      Summ           0%         N/A       99%         1
 Blink                    Tloc           0%         N/A       100%        2
 Scorch                   Fire           0%         2d5       100%        2
 Confusing Touch          Hex            0%         N/A       100%        3
 Dazzling Flash           Conj/Hex       0%         N/A       100%        3
 Vampiric Draining        Necr           0%         2d6       100%        3
 Dispel Undead            Necr           0%         3d6       100%        4
 Flame Wave               Conj/Fire      0%         2d4       100%        4
 Manifold Assault         Tloc           0%         N/A       100%        4
 Agony                    Necr           0%         N/A       100%        5
 Silence                  Hex/Air        0%         N/A       100%        5
 Summon Forest            Summ/Tloc      0%         N/A       100%        5
 Summon Mana Viper        Hex/Summ       0%         N/A       100%        5
 Summon Cactus Giant      Summ           0%         N/A       100%        6
 Storm Form               Tmut/Air       0%         N/A       100%        7


Dungeon Overview and Level Annotations

Branches:
Dungeon (15/15)            Temple (1/1) D:6            Lair (5/5) D:11
  Swamp (0/4) Lair:3        Snake (0/4) Lair:2        Slime (0/5) Lair:5
    Orc (0/2) D:10         Vaults (0/5) D:14         Depths (0/4) D:15
Ossuary (visited)

Altars:
Ashenzari
Cheibriados
Dithmenos
Elyvilon
Hepliaklqana
Makhleb
Nemelex Xobeh
Okawaru
Qazlal
Ru
Trog
Uskayaw
Vehumet
Wu Jian
Xom
Yredelemnul
Zin
The Shining One

Shops:
D:1 ?   D:5 :?*=   D:7 [   D:9 (   D:10 **

Portals:
Abyss: Lair:4
Trove: D:12 (give 2 scrolls of acquirement)

Annotations:
Lair:4 2 transporters, Ciykycse's ghost, journeyman KoEn


Innate Abilities, Weirdness & Mutations

You have a pair of horns on your head.
You reflexively headbutt those who attack you in melee.
Your flesh is heat resistant. (rF+)
You are somewhat resistant to further mutation.
You passively map a small area around you.


Message History

Activating: Disaster Area (1% risk of failure)
Press: ? - help, Dir - look around, f - activate
Okay, then.
The komodo dragon attacks as you move away!
The komodo dragon barely misses you.
The dream sheep is engulfed in freezing vapours.
You kill the dream sheep!
Qazlal accepts your kill. You block the komodo dragon's attack.
Things that are here:
a wand of iceblast (4); a black mamba corpse The komodo dragon attacks as you move away!
The komodo dragon barely misses you. You furiously retaliate!
You headbutt the komodo dragon!
The dream sheep are wreathed in dream dust.
You feel drowsy...
You fall asleep.
The dream sheep is engulfed in blazing flames.
The dream sheep bites you.
You wake up.
You feel protected from physical attacks.
You see here a komodo dragon corpse.
You block the komodo dragon's attack.
The dream sheep is engulfed in blazing flames.
You see here a yak corpse.
The komodo dragon attacks as you move away!
The komodo dragon bites you!
* * * LOW HITPOINT WARNING * * *
You feel more protected from physical attacks.
You block the dream sheep's attack. You block the komodo dragon's attack.
The komodo dragon attacks as you move away!
You block the komodo dragon's attack.
The dream sheep is engulfed in a thunderstorm.
You kill the dream sheep!
Qazlal accepts your kill. The komodo dragon closely misses you.
The dream sheep shake their wool and sparkle.
You feel drowsy...
You fall asleep.
The komodo dragon bites you!!!
Ouch! That really hurt!
You die...

** * #.....####. *
...>..#P#. , *
.......... , .## *
...?....P,* ...#
.........*,
*...#.., .......☼##
...P..
.........####......
..#..##@.##.P......
./.....☼l§†........
......#Y†○Y†#......
#..#.#.#.†/..$.....
#...#.#............
#.###.....†.......,
*... #.P#.<..#.....
,* #.,
#/.#...#.#....
#...##.#####... *


You could see a komodo dragon and 2 dream sheep.

Vanquished Creatures
  Jorgrun (D:13)
  Rupert (D:15)
  Gastronok (D:12)
  Snorg (D:11)
  Josephine (Lair:4)
  Erica (Lair:1)
  6 hydras
  A catoblepas (D:11)
  3 boulder beetles
  A death knight (D:13)
  3 centaur warriors
  2 two-headed ogres
  6 death yaks (Lair:2)
  Urug (D:11)
  Amaemon (D:11)
  A skyshark (Lair:4)
  A phantasmal warrior (D:13)
  A wizard (D:15)
  3 manticores
  A necromancer (D:14)
  7 deep elf pyromancers
  3 ugly things
  Pikel (D:7)
  A wolf spider (shapeshifter) (D:15)
  8 cyclopes
  A guardian serpent (D:12)
  A black mamba (shapeshifter) (D:14)
  5 elephants
  A salamander (D:15)
  3 black mambas
  A torpor snail (Lair:4)
  An orange demon (D:11)
  A gargoyle (D:12)
  Maggie (Lair:2)
  9 cane toads
  A freezing wraith (D:15)
  10 komodo dragons
  2 rime drakes
  A kobold demonologist (D:10)
  An efreet (D:13)
  9 meliai
  4 trolls
  A queen bee (D:14)
  A tyrant leech (Lair:2)
  A hornet (D:10)
  14 blink frogs
  3 dream sheep (Lair:5)
  6 slime creatures (D:12)
  Sigmund (D:3)
  2 shadows (D:11)
  5 wyverns
  22 yaks
  8 wraiths
  3 steam dragons
  3 basilisks
  6 vampire mosquitoes
  3 wargs (D:10)
  4 swamp worms
  2 nagas (Lair:2)
  An acid dragon (D:10)
  10 water moccasins
  3 orc warriors (D:10)
  3 ice beasts
  2 sky beasts
  5 black bears
  6 wolves (Lair:3)
  An ogre (D:7)
  3 lemures (D:7)
  9 centaurs
  3 phantoms
  2 elf zombies (Ossuary)
  7 bullfrogs
  A gnoll sergeant (D:8)
  5 kobold brigands
  Blork the orc (D:5)
  5 wights (D:7)
  35 killer bees
  10 howler monkeys
  4 electric eels
  2 centaur zombies (Ossuary)
  2 human zombies (Ossuary)
  An orc priest (D:10)
  2 hounds (D:5)
  4 jellies
  3 sleepcaps
  6 iguanas
  Natasha (twice) (D:3)
  3 orc wizards
  5 hell rats (Lair:4)
  A hound zombie (Ossuary)
  3 mummies (Ossuary)
  5 gnolls (D:8)
  13 adders
  A white imp (D:7)
  4 ufetubi
  2 adder zombies (Ossuary)
  8 dart slugs (D:6)
  13 orcs
  4 endoplasms
  4 giant cockroaches
  5 gnoll zombies (Ossuary)
  3 goblins
  10 hobgoblins
  4 jackals (D:4)
  4 quokkas
  6 ball pythons
  4 bats
  A frilled lizard (D:3)
  4 goblin zombies (Ossuary)
  2 hobgoblin zombies (Ossuary)
  2 jackal zombies (Ossuary)
  25 kobolds
  5 kobold zombies (Ossuary)
  An orc zombie (Ossuary)
  3 quokka zombies (Ossuary)
  8 rats
  A rat zombie (Ossuary)
  A butterfly (Lair:3)
487 creatures vanquished.

Notes
Turn   | Place    | Note
-------+----------+-------------------------------------------
     0 | D:1      | lonewolfV2 the Minotaur Fighter began the quest for the
                  | Orb.
     0 | D:1      | Reached XP level 1. HP: 19/19 MP: 0/0
    13 | D:1      | Noticed an iguana
    13 | D:1      | Noticed a polar bear
    13 | D:1      | Noticed a five-headed hydra
    14 | D:1      | Noticed a hog
    14 | D:1      | Noticed a black mamba
   234 | D:1      | Found Gaeggu Xeja's Magic Scroll Shop.
   251 | D:1      | Reached XP level 2. HP: 27/27 MP: 1/1
   327 | D:1      | Reached skill level 1 in Unarmed Combat
   680 | D:2      | Reached XP level 3. HP: 33/33 MP: 2/2
  1526 | D:3      | Reached XP level 4. HP: 31/41 MP: 3/3
  1535 | D:3      | Noticed Natasha
  1548 | D:3      | Killed Natasha
  1804 | D:3      | Noticed Sigmund
  1816 | D:3      | Killed Sigmund
  1817 | D:3      | Reached skill level 5 in Fighting
  1817 | D:3      | Reached XP level 5. HP: 30/48 MP: 4/4
  2007 | D:3      | Found a snail-covered altar of Cheibriados.
  2052 | D:3      | Noticed Natasha
  2055 | D:3      | Killed Natasha
  2056 | D:3      | Reached XP level 6. HP: 56/56 MP: 5/5
  2331 | D:4      | Found a large runed translucent door.
  2332 | D:4      | Found a large runed translucent door.
  2402 | D:4      | Reached skill level 5 in Axes
  2896 | D:4      | Reached XP level 7. HP: 54/63 MP: 6/6
  2951 | D:4      | Found a broken altar of Ashenzari.
  3136 | D:4      | Found a white marble altar of Elyvilon.
  3173 | D:5      | Entered Level 5 of the Dungeon
  3182 | D:5      | Noticed Blork the orc
  3212 | D:5      | Killed Blork the orc
  3230 | D:5      | HP: 3/64 [centaur (5)]
  3232 | D:5      | Reached skill level 5 in Unarmed Combat
  3615 | D:5      | Reached skill level 1 in Dodging
  3641 | D:5      | Identified the +8 war axe "Sesuth" {holy, rF+ Dex+2 SInv
                  | Stlth+}
  3834 | D:5      | Found Zaibb's Jewellery Boutique.
  3870 | D:5      | Reached skill level 2 in Dodging
  3870 | D:5      | Reached XP level 8. HP: 68/73 MP: 7/7
  3891 | D:5      | Found Nekib's Magic Scroll Boutique.
  3896 | D:5      | Found Essahes's Book Emporium.
  3898 | D:5      | Found Ibucwoag's General Store.
  4727 | D:6      | Reached skill level 3 in Dodging
  4856 | D:6      | Found a staircase to the Ecumenical Temple.
  4924 | Temple   | Entered the Ecumenical Temple
  4951 | Temple   | Became a worshipper of Qazlal Stormbringer
  5269 | D:6      | Reached skill level 4 in Dodging
  5269 | D:6      | Reached skill level 1 in Invocations
  5496 | D:6      | Identified a scroll of acquirement
  5496 | D:6      | Acquired the +1 buckler "Meev" {Will+ Int+3 Slay+3}
  5519 | D:7      | Noticed a red ugly thing
  5533 | D:7      | Killed a red ugly thing
  5534 | D:7      | Reached skill level 5 in Dodging
  5534 | D:7      | Reached XP level 9. HP: 44/80 MP: 8/10
  5536 | D:7      | Reached skill level 6 in Dodging
  5736 | D:7      | Found Wopsane's Armour Shop.
  5878 | D:7      | Reached skill level 7 in Dodging
  5907 | D:7      | Found a sacrificial altar of Ru.
  5913 | D:7      | Noticed Pikel
  5923 | D:7      | Killed Pikel
  6148 | D:7      | Reached skill level 8 in Dodging
  6258 | D:7      | Found a shimmering altar of Xom.
  6260 | D:7      | Found a burning altar of Makhleb.
  6260 | D:7      | Found a shimmering altar of Xom.
  6262 | D:7      | Found an iron altar of Okawaru.
  6262 | D:7      | Found a basalt altar of Yredelemnul.
  6262 | D:7      | Found a sparkling altar of Nemelex Xobeh.
  6337 | D:8      | Noticed a troll
  6346 | D:8      | Killed a troll
  6428 | D:8      | Reached * piety under Qazlal
  6434 | D:8      | Found a sand-covered staircase.
  6443 | Ossuary  | Entered an ossuary
  6519 | Ossuary  | Reached XP level 10. HP: 88/88 MP: 12/12
  6526 | Ossuary  | Reached ** piety under Qazlal
  6569 | Ossuary  | Reached skill level 5 in Invocations
  6709 | D:8      | Found a glowing golden altar of the Shining One.
  6736 | D:8      | Reached skill level 9 in Dodging
  6785 | D:8      | Found a radiant altar of Vehumet.
  6793 | D:8      | Found a basalt altar of Yredelemnul.
  6967 | D:8      | Found an iron altar of Okawaru.
  7301 | D:8      | Found a hazy altar of Hepliaklqana.
  7574 | D:9      | Found Cuddikk's Antique Weapon Shop.
  7859 | D:9      | Reached skill level 10 in Axes
  7967 | D:9      | Found a glowing silver altar of Zin.
  8090 | D:9      | Reached skill level 10 in Dodging
  8289 | D:10     | Entered Level 10 of the Dungeon
  8411 | D:10     | Found Lusudo's Overcharged Wands.
  8435 | D:10     | Reached *** piety under Qazlal
  8463 | D:10     | Found Jesoodoa's Demolitions Depot.
  8721 | D:10     | Noticed a two-headed ogre
  8725 | D:10     | Reached skill level 5 in Armour
  8741 | D:10     | Killed a two-headed ogre
  8852 | D:10     | Found a staircase to the Orcish Mines.
  9022 | D:10     | Reached XP level 11. HP: 68/93 MP: 15/15
  9312 | D:11     | Noticed Snorg
  9328 | D:11     | Killed Snorg
  9390 | D:11     | Noticed a purple ugly thing
  9399 | D:11     | Killed a purple ugly thing
  9431 | D:11     | Noticed Amaemon
  9445 | D:11     | Killed Amaemon
  9756 | D:11     | Noticed Urug
  9777 | D:11     | Killed Urug
  9791 | D:11     | Reached **** piety under Qazlal
  9806 | D:11     | Reached skill level 10 in Armour
  9861 | D:11     | Noticed a catoblepas
  9877 | D:11     | Killed a catoblepas
  9878 | D:11     | Reached skill level 10 in Invocations
  9965 | D:11     | Found a staircase to the Lair.
  9970 | D:11     | Noticed a two-headed ogre
  9986 | D:11     | Killed a two-headed ogre
 10307 | D:12     | Noticed Gastronok
 10323 | D:12     | Killed Gastronok
 10324 | D:12     | Reached skill level 5 in Shields
 10324 | D:12     | Reached XP level 12. HP: 89/101 MP: 18/18
 10696 | D:12     | Found a portal to a secret trove of treasure.
 10762 | D:12     | Identified the +6 scimitar of Okawaru's Whim {protect,
                  | rPois rC- Int+2}
 10918 | D:12     | Found a frozen archway.
 11149 | D:13     | Noticed a boulder beetle
 11179 | D:13     | Killed a boulder beetle
 11396 | D:13     | Noticed a centaur warrior
 11405 | D:13     | Killed a centaur warrior
 11575 | D:13     | Noticed a death knight
 11585 | D:13     | Killed a death knight
 11586 | D:13     | Reached ***** piety under Qazlal
 11975 | D:14     | Noticed a centaur warrior
 11984 | D:14     | Reached skill level 10 in Shields
 11994 | D:14     | Killed a centaur warrior
 12808 | D:13     | Noticed Jorgrun
 12825 | D:13     | Killed Jorgrun
 12826 | D:13     | Reached XP level 13. HP: 47/111 MP: 20/20
 13355 | D:13     | Gained mutation: You have hidden genetic potential. [potion
                  | of mutation]
 13355 | D:13     | Gained mutation: You have an increased reservoir of magic.
                  | (+10% MP) [potion of mutation]
 13356 | D:13     | Lost mutation: You have hidden genetic potential. [potion
                  | of mutation]
 13356 | D:13     | Lost mutation: You have an increased reservoir of magic.
                  | (+10% MP) [potion of mutation]
 13356 | D:13     | Gained mutation: Your flesh is heat resistant. (rF+)
                  | [potion of mutation]
 13356 | D:13     | Gained mutation: You are agile. (Dex +4, Str/Int -1)
                  | [potion of mutation]
 13357 | D:13     | Lost mutation: You are agile. (Dex +4, Str/Int -1) [potion
                  | of mutation]
 13357 | D:13     | Lost mutation: Your flesh is heat resistant. (rF+) [potion
                  | of mutation]
 13357 | D:13     | Gained mutation: Armour fits poorly on your strangely
                  | shaped body. [potion of mutation]
 13357 | D:13     | Gained mutation: Your system is resistant to poisons.
                  | (rPois) [potion of mutation]
 13358 | D:13     | Lost mutation: Armour fits poorly on your strangely shaped
                  | body. [potion of mutation]
 13358 | D:13     | Lost mutation: Your system is resistant to poisons. (rPois)
                  | [potion of mutation]
 13358 | D:13     | Gained mutation: Your system is resistant to poisons.
                  | (rPois) [potion of mutation]
 13358 | D:13     | Gained mutation: Your spells are a little harder to cast,
                  | but a little more powerful. [potion of mutation]
 13490 | D:14     | Lost mutation: Your spells are a little harder to cast, but
                  | a little more powerful. [potion of mutation]
 13490 | D:14     | Lost mutation: Your system is resistant to poisons. (rPois)
                  | [potion of mutation]
 13490 | D:14     | Gained mutation: Your magical capacity is low. (-10% MP)
                  | [potion of mutation]
 13490 | D:14     | Gained mutation: You are clumsy. (Dex -2) [potion of
                  | mutation]
 13490 | D:14     | Gained mutation: You sometimes lose your temper in combat.
                  | [potion of mutation]
 13490 | D:14     | Lost mutation: You are clumsy. (Dex -2) [potion of
                  | mutation]
 14195 | D:14     | Reached skill level 11 in Dodging
 14540 | D:14     | Found a gate to the Vaults.
 14602 | D:15     | Entered Level 15 of the Dungeon
 14608 | D:15     | Noticed Rupert
 14620 | D:15     | Killed Rupert
 14621 | D:15     | Reached skill level 10 in Fighting
 14889 | D:15     | Reached skill level 12 in Dodging
 14941 | D:15     | Lost mutation: Your magical capacity is low. (-10% MP)
                  | [potion of mutation]
 14941 | D:15     | Lost mutation: You sometimes lose your temper in combat.
                  | [potion of mutation]
 14941 | D:15     | Gained mutation: Your flesh is heat resistant. (rF+)
                  | [potion of mutation]
 14941 | D:15     | Gained mutation: You are partially covered in iridescent
                  | scales. (AC +2) [potion of mutation]
 15144 | D:15     | Found a staircase to the Depths.
 15428 | Lair:1   | Entered Level 1 of the Lair of Beasts
 15655 | Lair:1   | Noticed Erica
 15671 | Lair:1   | Killed Erica
 16559 | Lair:2   | Reached XP level 14. HP: 112/124 MP: 22/22
 16561 | Lair:2   | Reached skill level 13 in Dodging
 16633 | Lair:2   | Noticed Maggie
 16644 | Lair:2   | Killed Maggie
 17139 | Lair:2   | Found a staircase to the Snake Pit.
 17283 | Lair:2   | Found a hide-covered altar of Uskayaw.
 17283 | Lair:2   | Found an ornate altar of the Wu Jian Council.
 18165 | Lair:3   | Reached ****** piety under Qazlal
 18331 | Lair:3   | Reached skill level 14 in Dodging
 18729 | Lair:3   | Found a staircase to the Swamp.
 18828 | Lair:4   | Noticed Josephine
 18842 | Lair:4   | Killed Josephine
 19064 | Lair:4   | Found a one-way gate to the infinite horrors of the Abyss.
 19064 | Lair:4   | Noticed Ciykycse's ghost (journeyman KoEn)
 19094 | Lair:4   | Found a transporter.
 19431 | Lair:4   | Found a transporter.
 19444 | Lair:4   | Noticed a tentacled starspawn
 19652 | Lair:4   | Lost mutation: Your flesh is heat resistant. (rF+) [potion
                  | of mutation]
 19652 | Lair:4   | Lost mutation: You are partially covered in iridescent
                  | scales. (AC +2) [potion of mutation]
 19652 | Lair:4   | Gained mutation: Your flesh is heat resistant. (rF+)
                  | [potion of mutation]
 19652 | Lair:4   | Gained mutation: You are somewhat resistant to further
                  | mutation. [potion of mutation]
 19652 | Lair:4   | Gained mutation: You passively map a small area around you.
                  | [potion of mutation]
 19654 | Lair:5   | Entered Level 5 of the Lair of Beasts
 19665 | Lair:5   | Found a staircase to the Slime Pits.
 19708 | Lair:5   | Annihilated by a komodo dragon

Illustrated notes

Levels and vault maps discovered:
D:1:      onia_arrival_zoo_common, layout_rooms, serial_shops, shop
D:2:      layout_basic, grunt_decor_junction
D:3:      layout_basic, mainiacjoe_overflow_alcove_2, uniq_sigmund, uniq_natasha
D:4:      layout_basic, jmf_multi_god_temple2
D:5:      layout_basic, nicolae_stop_n_shop_2, kb_lookout_dungeons_type,
          nicolae_wooded_promenade, minmay_stone_trees_small,
          guppyfry_early_lair_pool, uniq_blork_the_orc
D:6:      kennysheep_slugbush, layout_gridville, temple_pool_b,
          wad_floor_pattern_untrapped
D:7:      layout_rooms, doesnt_xom_only_xom, hangedman_ru_absence, serial_shops,
          nicolae_shop_waterfront, minmay_puff, uniq_pikel
D:8:      layout_loops_corners, worldfamousw_hep_ancestral_shrine,
          nicolae_overflow_crystal_walls, okawaru_trees_1,
          grunt_temple_overflow_open, lightli_ossuary_entry_decrepit_ruins
D:9:      layout_cross, zin_treasury, serial_shops,
          nicolae_shop_competitors_out_of_business
D:10:     layout_loops_ring, david_orc_1_choice, kennysheep_doodads,
          nicolae_blasting_shop, nicolae_shop_overcharged_wands
D:11:     layout_roguey, david_lair_generic, minmay_unpleasant_kobolds,
          uniq_amaemon, uniq_snorg, uniq_urug
D:12:     layout_roguey, nicolae_trove_entry_columns,
          portal_ice_cave_entry_pillars_2, nrook_guardian_serpent_double,
          uniq_gastronok
D:13:     nicolae_whirlpool, layout_basic, nicolae_benzene_ring,
          disabler_island, uniq_jorgrun
D:14:     layout_loops_ring, david_vaults_4, nrook_uturn, special_room
          [special_room_bee], kennysheep_generic_room_12
D:15:     hangedman_depths_entry_try_elsewhere_first, layout_cave_pools,
          uniq_rupert
Temple:   nicolae_temple_bog_church
Lair:1:   layout_chaotic_city, uniq_erica
Lair:2:   layout_cave_shapes, guppyfry_snake_entry_island,
          nzn_masters_of_martial_movement, uniq_maggie
Lair:3:   layout_roguey, palyth_hydra_swamp_entry, lemuel_fruit_fields
Lair:4:   layout_regular_city, gammafunk_ghost_abyssal_escape, st_stairs_7,
          uniq_josephine
Lair:5:   evil_forest, layout_loops_ring, slime_entry_1, serial_bayou_ford_a

Skill      XL: |  1  2  3  4  5  6  7  8  9 10 11 12 13 14 |
---------------+-------------------------------------------+-----
Unarmed Combat | 1 2 3 4 5 |  5.3
Fighting       | 4 5 6 7 9 11 12 | 12.5
Axes           | 3 4 5 6 8 9 10 | 10.1
Dodging        | 2 5 8 10 12 14 | 14.9
Invocations    | 2 4 7 10 11 13 | 13.9
Armour         | 6 10 | 10.8
Shields        | 5 10 | 10.8

Action                     |  1- 3 |  4- 6 |  7- 9 | 10-12 | 13-15 || total
---------------------------+-------+-------+-------+-------+-------++-------
  Melee: War axe           |    75 |    60 |   204 |   383 |   328 ||  1050
         Headbutt          |     9 |     8 |    37 |    87 |   101 ||   242
         Unarmed           |       |       |       |     6 |       ||     6
  Throw: Boomerang         |       |       |       |     7 |     2 ||     9
  Evoke: Wand              |       |       |       |    16 |       ||    16
    Use: Scroll            |     9 |     2 |    13 |     8 |     7 ||    39
         Potion            |       |       |     1 |     7 |     8 ||    16
 Armour: Scale mail        |    32 |       |       |       |       ||    32
         Plate armour      |       |    33 |   155 |   135 |   213 ||   536
  Dodge: Dodged            |    43 |     8 |   123 |   222 |   366 ||   762
         Repelled          |       |       |       |     3 |     3 ||     6
  Block: Buckler           |    27 |    24 |    85 |   248 |   453 ||   837
